[Event "December 5 Early 2023"]
[Site "https://www.chess.com"]
[Date "2023.12.05"]
[Round "2"]
[White "Vanek, Tomas"]
[Black "Vlassov, Nikolai"]
[Result "0-1"]
[Board "113"]
[TimeControl "180+1"]
[WhiteFideId "313459"]
[BlackFideId "4103360"]
[WhiteElo "2137"]
[BlackElo "2660"]
[WhiteTeam "CZE"]
[BlackTeam "FID"]
[WhiteClock "0:00:00"]
[BlackClock "0:00:39"]

1. e4 Nc6 2. Nf3 d5 3. exd5 Qxd5 4. Nc3 Qa5 5. d4 Bg4 6. d5 O-O-O 7. Bd2 Nb4 8. Bc4 Bxf3 9. gxf3 Nf6 10. a3 Qc5 11. axb4 Qxc4 12. Rxa7 Nxd5 13. Ra8+ Kd7 14. Rxd8+ Kxd8 15. Be3 e6 16. Nxd5 Qxd5 17. Qxd5+ exd5 18. c3 Kd7 19. Ke2 Bd6 20. h4 Ra8 21. Kd3 Ke6 22. h5 c6 23. Bd4 Bf8 24. Rg1 f6 25. f4 Kf5 26. Kc2 Kxf4 27. h6 gxh6 28. Bxf6 h5 29. Bd4 h4 30. Be3+ Kf3 0-1

[Event "December 5 Early 2023"]
[Site "https://www.chess.com"]
[Date "2023.12.05"]
[Round "2"]
[White "Villabrille, Roberto"]
[Black "Prohaszka, Peter"]
[Result "0-1"]
[Board "114"]
[TimeControl "180+1"]
[WhiteFideId "103942"]
[BlackFideId "726265"]
[WhiteElo "1756"]
[BlackElo "2654"]
[WhiteTeam "ARG"]
[BlackTeam "HUN"]
[WhiteClock "0:00:26"]
[BlackClock "0:00:19"]

1. d4 Nf6 2. Nf3 g6 3. Bf4 Bg7 4. e3 b6 5. c4 Bb7 6. Nc3 Ne4 7. Nxe4 Bxe4 8. Bd3 Bxd3 9. Qxd3 O-O 10. h3 d6 11. O-O Nd7 12. Bg5 h6 13. Bh4 f5 14. Bg3 Kh7 15. Rfd1 Qe8 16. b3 Rf7 17. Rac1 Nf6 18. c5 bxc5 19. dxc5 Ne4 20. cxd6 cxd6 21. Nd4 Nxg3 22. fxg3 Qd7 23. Qc4 d5 24. Qc6 Rd8 25. Ne6 Rf6 26. Qxd7 Rxd7 27. Rc6 h5 28. h4 Bh6 29. Rd3 Kg8 30. Kf2 Kf7 31. Nd4 e5 32. Rxf6+ Kxf6 33. Ne2 Ke6 34. Rc3 a5 35. Rc6+ Rd6 36. Rxd6+ Kxd6 37. Nc3 Kc5 38. Kf3 Bg7 39. Na4+ Kb5 40. Nc3+ Kc5 41. Na4+ Kc6 42. Nc3 e4+ 43. Kf4 Bxc3 44. Kg5 d4 45. Kxg6 dxe3 46. Kxf5 e2 47. Kxe4 e1=Q+ 48. Kf4 Qf2+ 49. Kg5 Qxg2 50. Kxh5 Qxg3 51. b4 axb4 52. a3 b3 53. a4 b2 54. a5 b1=B 55. a6 Qg6# 0-1

[Event "December 5 Early 2023"]
[Site "https://www.chess.com"]
[Date "2023.12.05"]
[Round "2"]
[White "Ghosh, Chanchal Kumer"]
[Black "Xiong, Jeffery"]
[Result "0-1"]
[Board "115"]
[TimeControl "180+1"]
[WhiteFideId "10201858"]
[BlackFideId "2047640"]
[WhiteElo "2070"]
[BlackElo "3009"]
[WhiteTeam "BAN"]
[BlackTeam "USA"]
[WhiteClock "0:00:00"]
[BlackClock "0:00:56"]

1. e4 c5 2. Nf3 d6 3. d4 cxd4 4. Nxd4 Nf6 5. Nc3 a6 6. Be2 e5 7. Nb3 Be7 8. Be3 Be6 9. O-O O-O 10. f4 exf4 11. Bxf4 Nc6 12. Bf3 Ne5 13. Nd5 Bxd5 14. exd5 Nfd7 15. Kh1 Bg5 16. Bg3 Rc8 17. Nd4 g6 18. b3 Bh4 19. Bf4 Bg5 20. Bg3 Re8 21. c4 Qa5 22. Be1 Qc7 23. Bg3 Re7 24. h3 Rce8 25. a4 Nc5 26. Be2 Ne4 27. Bh2 Be3 28. Bf3 Nc3 29. Qc2 Bxd4 30. Rae1 Nxf3 31. Rxe7 Qxe7 32. gxf3 Qe2 33. Qxe2 Rxe2 34. Bxd6 f6 35. Bc7 Kf7 36. b4 b5 37. axb5 axb5 38. d6 Ke6 39. c5 Kd7 40. Ba5 Nd5 41. Rd1 Bxc5 42. bxc5 Re5 43. Rc1 Kc6 0-1

[Event "December 5 Early 2023"]
[Site "https://www.chess.com"]
[Date "2023.12.05"]
[Round "2"]
[White "Sanchez Enriquez, Oscar Gerardo"]
[Black "Nguyen, Ngoc Truong Son"]
[Result "0-1"]
[Board "116"]
[TimeControl "180+1"]
[WhiteFideId "5106311"]
[BlackFideId "12401110"]
[WhiteElo "2512"]
[BlackElo "2928"]
[WhiteTeam "MEX"]
[BlackTeam "VIE"]
[WhiteClock "0:00:10"]
[BlackClock "0:00:57"]

1. e4 c6 2. d4 d5 3. e5 Bf5 4. Nf3 e6 5. Be2 c5 6. Be3 Nc6 7. dxc5 Nge7 8. c3 Ng6 9. Bb5 Bg4 10. Bd4 Be7 11. Nbd2 O-O 12. Bxc6 bxc6 13. h3 Bxf3 14. Nxf3 Qb8 15. b4 a5 16. a3 f6 17. exf6 gxf6 18. O-O e5 19. Be3 f5 20. Bh6 Rf7 21. Re1 e4 22. Nd4 Qc8 23. Rb1 axb4 24. axb4 Bf6 25. Qh5 f4 26. Rec1 f3 27. g3 Bxd4 28. cxd4 Rf5 29. Qg4 Rb8 30. b5 cxb5 31. c6 Rf7 32. Qh5 Qf5 33. Qxf5 Rxf5 34. c7 Rc8 35. Rxb5 Kf7 36. Rb8 Ne7 37. Bf4 Ke6 38. Rb6+ Kd7 39. Rd6+ Ke8 40. Rh6 Rf7 41. Bd6 Nf5 42. Re6+ Kd7 43. Re5 Kxd6 44. Rc5 Ne7 45. Rh5 Rxc7 46. Rh6+ Kd7 47. Rxc7+ Kxc7 48. Rxh7 Rxh7 0-1

[Event "December 5 Early 2023"]
[Site "https://www.chess.com"]
[Date "2023.12.05"]
[Round "2"]
[White "Senft, Sean"]
[Black "Movahed, Sina"]
[Result "0-1"]
[Board "117"]
[TimeControl "180+1"]
[WhiteFideId "2044960"]
[BlackFideId "42520835"]
[WhiteElo "2510"]
[BlackElo "2916"]
[WhiteTeam "USA"]
[BlackTeam "IRI"]
[WhiteClock "0:00:45"]
[BlackClock "0:01:46"]

1. d4 Nf6 2. c4 e6 3. Nc3 Bb4 4. Nf3 O-O 5. Bg5 c5 6. e3 cxd4 7. exd4 h6 8. Bh4 b6 9. Bd3 Bb7 10. O-O Be7 11. Qc2 Nc6 12. Ne4 Nb4 13. Nxf6+ Bxf6 14. Bxf6 Qxf6 15. Qc3 Bxf3 16. gxf3 Nc6 17. Be4 Nxd4 18. Rfe1 d5 19. cxd5 exd5 20. Bxd5 Rac8 21. Qd3 Nc2 22. Rad1 Nxe1 23. Rxe1 Rc1 24. Rxc1 Qg5+ 25. Kh1 Qxc1+ 26. Kg2 Qxb2 27. Bb3 Qf6 28. Qd7 a5 29. Qb7 Qg6+ 30. Kf1 Qd3+ 31. Kg2 b5 32. Qc6 a4 33. Bc2 Qc4 34. Qxc4 bxc4 35. Bxa4 Ra8 36. Bb5 c3 0-1

[Event "December 5 Early 2023"]
[Site "https://www.chess.com"]
[Date "2023.12.05"]
[Round "2"]
[White "Bachmann, Axel"]
[Black "NovakRatko"]
[Result "1-0"]
[Board "118"]
[TimeControl "180+1"]
[WhiteFideId "3700488"]
[WhiteElo "2841"]
[BlackElo "2479"]
[WhiteTeam "PAR"]
[WhiteClock "0:00:16"]
[BlackClock "0:00:00"]

1. e4 d5 2. exd5 c6 3. dxc6 Nxc6 4. Bc4 e5 5. Nc3 Bd6 6. Nf3 Nf6 7. d3 O-O 8. h3 h6 9. O-O Bf5 10. Re1 a6 11. a3 Qc7 12. Be3 Rad8 13. Nh4 Bh7 14. Qf3 Nd4 15. Bxd4 exd4 16. Ne2 b5 17. Bb3 a5 18. a4 Bb4 19. Red1 bxa4 20. Rxa4 Qe5 21. Ng3 Nd5 22. Raa1 Qg5 23. Nhf5 Bxf5 24. Nxf5 Nf4 25. Ng3 h5 26. Ne4 Qf5 27. c3 dxc3 28. bxc3 Be7 29. Ng3 Qg5 30. d4 Nxh3+ 31. gxh3 h4 32. Re1 hxg3 33. Qxg3 Rc8 34. Qxg5 Bxg5 35. Rxa5 Rxc3 36. Ba2 Rxh3 37. Rxg5 Ra3 38. Bd5 g6 39. Rxg6+ Kh7 40. Rg4 Rd3 41. Kg2 1-0

[Event "December 5 Early 2023"]
[Site "https://www.chess.com"]
[Date "2023.12.05"]
[Round "2"]
[White "Bacrot, Etienne"]
[Black "Kaplan, Avi Harrison"]
[Result "1-0"]
[Board "119"]
[TimeControl "180+1"]
[WhiteFideId "605506"]
[BlackFideId "30934559"]
[WhiteElo "2827"]
[BlackElo "2482"]
[WhiteTeam "FRA"]
[BlackTeam "USA"]
[WhiteClock "0:00:46"]
[BlackClock "0:00:00"]

1. e4 d6 2. d4 Nf6 3. Nc3 Nbd7 4. f4 e5 5. Nf3 exd4 6. Qxd4 c6 7. Be3 Be7 8. O-O-O O-O 9. g4 Nxg4 10. Rg1 Bf6 11. Qd2 Nxe3 12. Qxe3 Qe7 13. e5 dxe5 14. Ne4 exf4 15. Qxf4 Kh8 16. Bd3 Ne5 17. Nxf6 Nxd3+ 18. Rxd3 Qxf6 19. Qxf6 gxf6 20. Kd2 Bf5 21. Rb3 Rad8+ 22. Kc1 Rd7 23. Re3 Rfd8 24. b3 Bg6 25. a4 Kg7 26. h4 Kf8 27. Rg4 Rd1+ 28. Kb2 Bh5 29. Rf4 Bxf3 30. Rexf3 R8d6 31. Rxf6 Rxf6 32. Rxf6 Rd4 33. h5 Kg7 34. Rf2 Rd5 35. Re2 Rxh5 36. Re7 Rg5 37. Rxb7 h5 38. Rxa7 h4 39. Rd7 h3 40. Rd1 Kh6 41. Rh1 Rg3 42. a5 Kh5 43. b4 Kh4 44. c4 Rg8 45. Kb3 f5 46. b5 f4 47. b6 f3 48. a6 f2 49. a7 Rg1 50. a8=Q f1=Q 51. Qh8+ Kg3 52. Qc3+ Kg2 53. Qxh3+ Kf2 54. Qxf1+ 1-0

[Event "December 5 Early 2023"]
[Site "https://www.chess.com"]
[Date "2023.12.05"]
[Round "2"]
[White "Dragun, Kamil"]
[Black "Romero Arzuaga, Yudel"]
[Result "1-0"]
[Board "120"]
[TimeControl "180+1"]
[WhiteFideId "1134167"]
[BlackFideId "3521010"]
[WhiteElo "2808"]
[BlackElo "2428"]
[WhiteTeam "POL"]
[BlackTeam "CUB"]
[WhiteClock "0:00:09"]
[BlackClock "0:00:00"]

1. d4 d5 2. c4 e6 3. Nc3 Nf6 4. Nf3 Nbd7 5. Bf4 Be7 6. e3 O-O 7. c5 c6 8. h3 Ne4 9. Nxe4 dxe4 10. Nd2 f5 11. Be2 Nf6 12. Nc4 Nd5 13. Bd6 b6 14. O-O Ba6 15. Bxe7 Qxe7 16. Ne5 Bxe2 17. Qxe2 bxc5 18. dxc5 Qxc5 19. Nd7 Qd6 20. Nxf8 Rxf8 21. Rac1 h6 22. Qc4 Rf6 23. Qxc6 Qe5 24. Qe8+ Kh7 25. Rc8 f4 26. exf4 Nxf4 27. Qg8+ Kg6 28. Rc3 Ne2+ 29. Kh1 Nxc3 30. bxc3 e3 31. f3 Qxc3 32. Qe8+ Kh7 33. Qb5 Qd2 34. Qb1+ Rg6 35. Rg1 e2 36. Qe4 h5 37. g4 hxg4 38. hxg4 Qh6+ 39. Kg2 Kg8 40. Qxe2 Rf6 41. Re1 Qf4 42. Qe3 Qd6 43. a3 Rh6 44. Rh1 Rxh1 45. Kxh1 Qd1+ 46. Kg2 Qc2+ 47. Kg3 Qc7+ 48. f4 Qc2 49. g5 Kf7 50. Qxa7+ Kg6 51. Qe3 Qd1 52. Qxe6+ Kh5 53. Qh3+ Kg6 54. Qe6+ Kh5 55. Qe3 1-0

[Event "December 5 Early 2023"]
[Site "https://www.chess.com"]
[Date "2023.12.05"]
[Round "2"]
[White "Aradhya, Garg"]
[Black "Kruckenhauser, Arthur"]
[Result "1-0"]
[Board "121"]
[TimeControl "180+1"]
[WhiteFideId "25006746"]
[BlackFideId "1642812"]
[WhiteElo "2722"]
[BlackElo "2473"]
[WhiteTeam "IND"]
[BlackTeam "AUT"]
[WhiteClock "0:00:08"]
[BlackClock "0:00:02"]

1. d4 Nf6 2. c4 c5 3. d5 b5 4. cxb5 a6 5. e3 Bb7 6. Nc3 e6 7. e4 exd5 8. e5 Ne4 9. Nxd5 Qa5+ 10. b4 cxb4 11. Bc4 b3+ 12. Bd2 Nxd2 13. Qxd2 Bb4 14. Qxb4 Qxb4+ 15. Nxb4 axb5 16. Bd5 Bxd5 17. Nxd5 Rxa2 18. Rb1 Nc6 19. Nf3 O-O 20. O-O Na5 21. Nc3 Rc2 22. Nxb5 Rb8 23. Nbd4 Ra2 24. h4 h6 25. Rfc1 Rb4 26. Rd1 b2 27. Nc2 Rb7 28. Ne3 Nb3 29. Kh2 Nc5 30. Nc4 Ne4 31. Rd3 Rb4 32. Nfd2 Nxf2 33. Rxd7 Ng4+ 34. Kg3 h5 35. Rd4 Nxe5 36. Rd8+ Kh7 37. Nxe5 Ra1 38. Nef3 Rxb1 39. Nxb1 Rb3 40. Rc8 f6 41. Rc7 Rb4 42. Rc3 Kg6 43. Ne1 Kf5 44. Rc5+ Kg6 45. Nd3 Rg4+ 46. Kf2 Kh6 47. g3 g5 48. hxg5+ fxg5 49. Kf3 Rd4 50. Nxb2 Rb4 51. Rc2 Kg7 52. Nd2 Rb3+ 53. Nxb3 1-0

[Event "December 5 Early 2023"]
[Site "https://www.chess.com"]
[Date "2023.12.05"]
[Round "2"]
[White "Sahil, Tickoo"]
[Black "Sadykov, Ramil"]
[Result "1/2-1/2"]
[Board "122"]
[TimeControl "180+1"]
[WhiteFideId "5019710"]
[BlackFideId "24113590"]
[WhiteElo "2409"]
[BlackElo "2708"]
[WhiteTeam "IND"]
[BlackTeam "FID"]
[WhiteClock "0:00:16"]
[BlackClock "0:00:05"]

1. d4 d6 2. e4 g6 3. Nf3 Bg7 4. Nc3 Nc6 5. d5 Nb8 6. h3 Nf6 7. a4 O-O 8. Be2 c6 9. dxc6 Nxc6 10. O-O Bd7 11. Re1 Rc8 12. Bc4 Na5 13. Ba2 Nc4 14. Bxc4 Rxc4 15. e5 dxe5 16. Nxe5 Rc8 17. Nxd7 Nxd7 18. Bd2 Nb6 19. Bg5 Bxc3 20. bxc3 f6 21. Be3 Qxd1 22. Raxd1 Nxa4 23. Rd7 Kf7 24. Rxb7 a5 25. Bd4 Rfe8 26. Ra7 Nxc3 27. Bxc3 Rxc3 28. Rxa5 Rxc2 29. Ra7 Rc6 30. h4 Re6 31. Rxe6 Kxe6 32. g3 h5 33. Kg2 Kf5 34. Ra6 e5 35. Rb6 Re6 36. Rb7 Rd6 37. Rg7 Rd2 38. Rg8 e4 39. Re8 Re2 40. Kf1 Rd2 41. Kg2 Rd3 42. Re7 Rd5 43. Re8 Re5 44. Rb8 Kg4 45. Rb3 Kf5 46. Re3 Rd5 47. Rb3 Ke5 48. Rb6 Rd6 49. Rb5+ Kd4 50. Rb4+ Kd3 51. Rb3+ Ke2 52. Re3+ Kd2 53. Rxe4 Kd3 54. Re8 Kd4 55. Rg8 f5 56. Re8 Kd5 57. Kf3 Ra6 58. Re3 Ra4 59. Re8 Kd6 60. Rg8 Ke5 61. Rxg6 Ra3+ 62. Kg2 f4 63. Rg5+ Ke4 64. gxf4 Kxf4 65. Rxh5 Kg4 66. Rh8 Rb3 67. h5 Kg5 68. h6 Kg6 69. f3 Rb5 70. Kg3 Rg5+ 71. Kf4 Ra5 72. Ke3 Ra4 73. f4 Ra3+ 74. Ke4 Ra4+ 75. Kf3 Ra3+ 76. Kg4 Ra4 77. Rc8 Kxh6 78. Rc6+ Kg7 79. Kg5 Ra5+ 80. f5 Kf8 81. Rc7 Ra6 82. Rh7 Kg8 83. Rb7 Kf8 84. Rc7 Kg8 85. Rc5 Kf8 86. Rd5 Kf7 87. Rd7+ Ke8 88. Rb7 Kf8 89. Rb2 Rc6 90. Rh2 Ra6 91. Rh8+ Kg7 92. Rh5 Kf7 93. Rh7+ Kg8 94. Re7 Kf8 95. f6 Ra1 96. Rc7 Rg1+ 97. Kf5 Rf1+ 98. Ke6 Re1+ 99. Kf5 Rf1+ 100. Kg6 Rg1+ 101. Kh6 Rg2 102. Rb7 Rg1 103. Ra7 Rg2 104. Rg7 Rh2+ 105. Kg6 Rg2+ 106. Kh7 Rh2+ 107. Kg6 Rg2+ 108. Kf5 Rxg7 109. fxg7+ Kxg7 1/2-1/2

[Event "December 5 Early 2023"]
[Site "https://www.chess.com"]
[Date "2023.12.05"]
[Round "2"]
[White "Poormosavi, Seyed Kian"]
[Black "Cesar Maestre, Bernardo"]
[Result "1-0"]
[Board "123"]
[TimeControl "180+1"]
[WhiteFideId "12585807"]
[BlackFideId "24542547"]
[WhiteElo "2689"]
[BlackElo "2417"]
[WhiteTeam "IRI"]
[BlackTeam "ESP"]
[WhiteClock "0:00:28"]
[BlackClock "0:00:02"]

1. Nf3 d5 2. g3 Nf6 3. Bg2 e6 4. O-O Be7 5. b3 O-O 6. Bb2 c5 7. e3 Nc6 8. Ne5 Nxe5 9. Bxe5 Nd7 10. Bb2 Bf6 11. d4 Qc7 12. Nd2 Rd8 13. c4 dxc4 14. Nxc4 cxd4 15. Bxd4 Bxd4 16. Qxd4 Nb6 17. Nxb6 axb6 18. Qb4 Bd7 19. Rfc1 Bc6 20. a4 h6 21. Rc3 b5 22. Qxb5 Ra5 23. Qb4 Rf5 24. Rac1 Qe5 25. Bxc6 bxc6 26. e4 Rf6 27. Rxc6 Qb2 28. R6c2 Rd1+ 29. Rxd1 Qxc2 30. Rd2 Qb1+ 31. Kg2 e5 32. a5 Rc6 33. Qb8+ Kh7 34. Qxe5 g6 35. Rd7 Qxb3 36. Qe7 Qc4 37. Qxf7+ Qxf7 38. Rxf7+ Kg8 39. Rb7 Ra6 40. Rb6 Kf7 41. Rxa6 1-0

[Event "December 5 Early 2023"]
[Site "https://www.chess.com"]
[Date "2023.12.05"]
[Round "2"]
[White "Papasimakopoulos, Alexandros"]
[Black "Dmitrenko, Viktor"]
[Result "0-1"]
[Board "124"]
[TimeControl "180+1"]
[WhiteFideId "4244125"]
[BlackFideId "14110270"]
[WhiteElo "2673"]
[BlackElo "2378"]
[WhiteTeam "GRE"]
[BlackTeam "UKR"]
[WhiteClock "0:00:02"]
[BlackClock "0:00:30"]

1. d4 e6 2. c4 Nf6 3. Nc3 Bb4 4. Qc2 c5 5. dxc5 O-O 6. a3 Bxc5 7. Nf3 d5 8. cxd5 exd5 9. Bg5 d4 10. Bxf6 gxf6 11. Ne4 Be7 12. Ned2 Nc6 13. g3 Re8 14. Bg2 d3 15. Qxd3 Qxd3 16. exd3 Bxa3+ 17. Ne4 Bxb2 18. Rb1 f5 19. Rxb2 fxe4 20. dxe4 Rxe4+ 21. Kd2 Re7 22. Re1 Be6 23. Ng5 Rd8+ 24. Kc1 Rc7 25. Nxe6 fxe6 26. Rc2 Rd6 27. f4 Kf7 28. Rc5 b6 29. Rc3 Ke7 30. f5 Kd8 31. fxe6 Ne7 32. Rxc7 Kxc7 33. Bh3 Rd5 34. Bg4 a5 35. h4 b5 36. Rf1 b4 37. Rf7 Kd6 38. Rxh7 Rd3 39. Rg7 Rxg3 40. h5 a4 41. h6 Rg1+ 42. Kc2 Rg2+ 43. Kc1 a3 44. Rxe7 Kxe7 45. h7 Rh2 46. Kb1 b3 47. Bd1 Rh1 48. h8=Q Rxd1# 0-1

[Event "December 5 Early 2023"]
[Site "https://www.chess.com"]
[Date "2023.12.05"]
[Round "2"]
[White "Timerkhanov, Alexander"]
[Black "Kiremitciyan, Ari"]
[Result "1-0"]
[Board "125"]
[TimeControl "180+1"]
[WhiteFideId "24177938"]
[BlackFideId "6373445"]
[WhiteElo "2659"]
[BlackElo "2391"]
[WhiteTeam "RUS"]
[BlackTeam "TUR"]
[WhiteClock "0:01:26"]
[BlackClock "0:00:00"]

1. d4 Nf6 2. Bg5 d5 3. Nd2 c5 4. dxc5 e6 5. e4 Bxc5 6. e5 Qb6 7. exf6 Bxf2+ 8. Ke2 gxf6 9. Nh3 fxg5 10. Nxf2 Nc6 11. Nb3 Bd7 12. Qd2 h6 13. Re1 O-O-O 14. Kd1 f5 15. Kc1 Kb8 16. Kb1 Rc8 17. a3 Rhd8 18. Nd3 d4 19. h4 Qc7 20. hxg5 hxg5 21. Qxg5 e5 22. Rh7 e4 23. Ndc5 Ne5 24. Qf4 Ka8 25. Nxd7 Qxc2+ 26. Ka2 Nxd7 27. Rc1 1-0

[Event "December 5 Early 2023"]
[Site "https://www.chess.com"]
[Date "2023.12.05"]
[Round "2"]
[White "Jakubowski, Krzysztof"]
[Black "Zia, Tahsin Tajwar"]
[Result "1-0"]
[Board "126"]
[TimeControl "180+1"]
[WhiteFideId "1112848"]
[BlackFideId "10211888"]
[WhiteElo "2645"]
[BlackElo "2353"]
[WhiteTeam "POL"]
[BlackTeam "BAN"]
[WhiteClock "0:00:29"]
[BlackClock "0:01:02"]

1. e4 c6 2. Nf3 d5 3. d3 Qc7 4. exd5 cxd5 5. c4 Nf6 6. Nc3 dxc4 7. g3 Bd7 8. Bg2 Bc6 9. Bf4 Qb6 10. O-O Nbd7 11. dxc4 e6 12. a4 a6 13. Qe2 Bb4 14. Rfd1 O-O 15. Ne5 Nxe5 16. Bxe5 Bxg2 17. Kxg2 Nd7 18. Rxd7 Qc6+ 19. Ne4 Qxd7 20. Nf6+ 1-0

[Event "December 5 Early 2023"]
[Site "https://www.chess.com"]
[Date "2023.12.05"]
[Round "2"]
[White "Feuerstack, Aljoscha"]
[Black "Tarasova, Viktoriya"]
[Result "1-0"]
[Board "127"]
[TimeControl "180+1"]
[WhiteFideId "4681932"]
[BlackFideId "4175840"]
[WhiteElo "2643"]
[BlackElo "2358"]
[WhiteTeam "GER"]
[BlackTeam "RUS"]
[WhiteClock "0:01:24"]
[BlackClock "0:00:12"]

1. e4 e5 2. Bc4 Nf6 3. d3 c6 4. Nf3 d5 5. Bb3 a5 6. a3 a4 7. Ba2 Bd6 8. exd5 cxd5 9. Nc3 Be6 10. Bg5 Bc7 11. O-O h6 12. Bh4 g5 13. Bg3 Nbd7 14. Re1 Bg4 15. Nxd5 Nxd5 16. Bxd5 O-O 17. Qd2 Qf6 18. Qb4 Ba5 19. Qxg4 Bxe1 20. Rxe1 Rfe8 21. Qxd7 1-0

[Event "December 5 Early 2023"]
[Site "https://www.chess.com"]
[Date "2023.12.05"]
[Round "2"]
[White "Minina, Veronika"]
[Black "Ambartsumova, Karina"]
[Result "0-1"]
[Board "128"]
[TimeControl "180+1"]
[WhiteFideId "4174780"]
[BlackFideId "4166299"]
[WhiteElo "2263"]
[BlackElo "2621"]
[WhiteTeam "RUS"]
[BlackTeam "RUS"]
[WhiteClock "0:00:00"]
[BlackClock "0:00:07"]

1. Nf3 Nf6 2. g3 g6 3. Bg2 Bg7 4. c4 O-O 5. O-O d6 6. Nc3 e5 7. d3 Nc6 8. Rb1 a5 9. a3 h6 10. b4 axb4 11. axb4 Be6 12. b5 Ne7 13. Bd2 Qd7 14. c5 Ned5 15. b6 Nxc3 16. Bxc3 Nd5 17. Bb2 cxb6 18. cxd6 Qxd6 19. Nd2 b5 20. Ba1 Bd7 21. Ne4 Qe7 22. Qd2 Bc6 23. Rfc1 Kh7 24. Nc5 Rfd8 25. h4 h5 26. Nb3 b4 27. e3 Rd6 28. Qe2 Rad8 29. d4 Nc3 30. Bxc3 bxc3 31. Bxc6 bxc6 32. Rxc3 exd4 33. Rd3 dxe3 34. Rxe3 Qd7 35. Re1 Rd1 36. Kh2 Rxe1 37. Qxe1 Qd5 38. Qc1 Bh6 39. f4 Bg7 40. Nc5 Rb8 41. Ne4 f6 0-1

[Event "December 5 Early 2023"]
[Site "https://www.chess.com"]
[Date "2023.12.05"]
[Round "2"]
[White "Boor, Carl"]
[Black "Chirivi C, Jenny Astrid"]
[Result "1-0"]
[Board "129"]
[TimeControl "180+1"]
[WhiteFideId "2017008"]
[BlackFideId "4403061"]
[WhiteElo "2588"]
[BlackElo "2326"]
[WhiteTeam "USA"]
[BlackTeam "COL"]
[WhiteClock "0:00:22"]
[BlackClock "0:00:02"]

1. d4 Nf6 2. c4 e6 3. Nc3 Bb4 4. a3 Bxc3+ 5. bxc3 c5 6. f3 d5 7. cxd5 Nxd5 8. Qd2 cxd4 9. cxd4 O-O 10. e4 Nf6 11. Bb2 Nc6 12. Bc4 b6 13. Ne2 Bb7 14. O-O Rc8 15. Rad1 Na5 16. Bd3 Nc4 17. Bxc4 Rxc4 18. Rfe1 Qe7 19. Rc1 Rfc8 20. Rxc4 Rxc4 21. Rc1 Qc7 22. Rxc4 Qxc4 23. Nf4 Ba6 24. h3 g5 25. d5 Nxe4 26. fxe4 Qf1+ 27. Kh2 Qxf4+ 28. Qxf4 gxf4 29. d6 Kf8 30. Bf6 Ke8 31. e5 Be2 32. Kg1 f3 33. g4 Kd7 34. Bh4 b5 35. Be1 a6 36. Kf2 Bd1 37. Ke3 Be2 38. Kd4 Kc6 39. g5 a5 40. Ke3 a4 41. Kf2 Bd1 42. Bd2 Be2 43. Bc3 Bd1 44. Bb4 Be2 45. Ke3 Bd1 46. h4 Kd7 47. Kf2 Kc6 48. Bc5 Be2 49. Bb4 Bd1 50. Kg3 Be2 51. Be1 Bd1 52. h5 f2 53. Kxf2 Bxh5 54. Ke3 Bg6 55. Kd4 Bc2 56. Kc3 Bb1 57. Kb4 Be4 58. Ka5 Bd3 59. Ka6 b4+ 60. Ka5 bxa3 61. Bc3 Bc2 62. Kb4 a2 63. Ka3 Bd3 64. Kb2 Bc4 65. Ka1 Kd7 66. Bd2 a3 67. Bf4 Bb3 68. Bc1 Kc6 69. Bxa3 Ba4 70. Bc1 Kd5 71. Bf4 Ke4 72. Bg3 Kf5 73. Kxa2 Kxg5 74. Ka3 Bd7 75. Kb4 Kf5 76. Kc5 h5 77. Kb6 Kg4 78. Bh2 h4 79. Kc7 Kh3 80. Kxd7 Kxh2 81. Ke7 Kg2 82. d7 h3 83. d8=Q h2 84. Qd1 h1=Q 85. Qxh1+ Kxh1 86. Kxf7 Kg2 87. Kxe6 Kf3 88. Kf6 Kg4 89. e6 Kf4 90. e7 Kg4 91. e8=Q Kf4 92. Qe5+ 1-0

[Event "December 5 Early 2023"]
[Site "https://www.chess.com"]
[Date "2023.12.05"]
[Round "2"]
[White "Mendez Fortes, Eduardo Jesus"]
[Black "Vorons, Uldis"]
[Result "0-1"]
[Board "130"]
[TimeControl "180+1"]
[WhiteFideId "3502376"]
[BlackFideId "11611758"]
[WhiteElo "2573"]
[BlackElo "2172"]
[WhiteTeam "CUB"]
[BlackTeam "LAT"]
[WhiteClock "0:01:45"]
[BlackClock "0:00:03"]

1. e4 e5 2. Nf3 Nc6 3. Bb5 a6 4. Ba4 Nf6 5. O-O Be7 6. Re1 b5 7. Bb3 d6 8. c3 O-O 9. h3 Na5 10. Bc2 c5 11. d4 Nd7 12. a4 Bb7 13. d5 Nc4 14. b3 Ncb6 15. a5 Nc8 16. c4 Bf6 17. Nc3 b4 18. Ne2 g6 19. Bh6 Bg7 20. Qd2 Ne7 21. Ng3 Bc8 22. h4 Nf6 23. h5 Bg4 24. hxg6 fxg6 25. Bxg7 Kxg7 26. Nh2 Bd7 27. f4 exf4 28. Qxf4 Nfxd5 29. Qxd6 Nc3 30. Qxc5 Qb8 31. Qd4+ Kg8 32. Qxd7 Qxg3 33. Qe6+ Kh8 34. Rf1 Ne2+ 35. Kh1 Qc7 36. Ng4 Ng3+ 37. Kg1 Qc5+ 38. Rf2 Ne2+ 39. Kf1 Ng3+ 40. Kg1 Ne2+ 41. Kh2 Rxf2 42. Nxf2 Qxf2 43. Qxe7 Qf4+ 44. Kh1 Qh6+ 0-1

[Event "December 5 Early 2023"]
[Site "https://www.chess.com"]
[Date "2023.12.05"]
[Round "2"]
[White "Garcia Correa, Jose Ricardo"]
[Black "Jaskolka, Tomasz"]
[Result "0-1"]
[Board "131"]
[TimeControl "180+1"]
[WhiteFideId "5101832"]
[BlackFideId "1170791"]
[WhiteElo "2240"]
[BlackElo "2548"]
[WhiteTeam "MEX"]
[BlackTeam "POL"]
[WhiteClock "0:00:00"]
[BlackClock "0:00:04"]

1. e4 d6 2. d4 Nf6 3. Nc3 Nbd7 4. f3 e5 5. Bc4 c6 6. Bb3 b5 7. Nge2 Be7 8. Be3 h6 9. Qd2 Qc7 10. g4 exd4 11. Nxd4 Ne5 12. O-O-O a6 13. Qf2 c5 14. Ndxb5 axb5 15. Nxb5 Qc6 16. c4 Bxg4 17. fxg4 Nfxg4 18. Qg3 Nxe3 19. Nxd6+ Bxd6 20. Qxe3 O-O 21. Rdg1 Ng6 22. Kb1 Rfe8 23. Bc2 Be5 24. h4 Qb6 25. Bb3 Bd4 26. Qf3 Bxg1 27. Rxg1 Nxh4 28. Qh1 Ng6 29. e5 Rad8 30. Bc2 Rxe5 31. Be4 Rd2 32. b3 Qa5 33. Bc2 Qc3 34. Rc1 Ree2 35. Qa8+ Nf8 36. Bh7+ Kxh7 37. Rxc3 Ne6 38. Rc1 Nd4 39. Qa5 h5 40. Rh1 Rb2+ 41. Ka1 g6 0-1

[Event "December 5 Early 2023"]
[Site "https://www.chess.com"]
[Date "2023.12.05"]
[Round "2"]
[White "Tran, Tuan Minh"]
[Black "Skaric, Djuro"]
[Result "1-0"]
[Board "132"]
[TimeControl "180+1"]
[WhiteFideId "12401820"]
[BlackFideId "934569"]
[WhiteElo "2922"]
[BlackElo "2410"]
[WhiteTeam "VIE"]
[BlackTeam "SRB"]
[WhiteClock "0:00:18"]
[BlackClock "0:00:37"]

1. d4 d6 2. e4 g6 3. Nc3 Bg7 4. Nf3 Nf6 5. Bg5 O-O 6. Qd2 Nc6 7. Bh6 e5 8. Bxg7 Kxg7 9. O-O-O Bg4 10. d5 Ne7 11. Be2 h6 12. h3 Bd7 13. Bd3 a6 14. g4 Nfg8 15. Rdg1 b5 16. h4 Nc8 17. Ne2 a5 18. Ng3 Nb6 19. Nf5+ gxf5 20. gxf5+ Kf6 21. Ng5 Nc4 22. Bxc4 bxc4 23. Nh7+ Ke7 24. Rg7 Qe8 25. Rhg1 Bxf5 26. exf5 Nf6 27. Nxf6 Kxf6 28. Qxh6+ Ke7 29. h5 c3 30. bxc3 Kd7 31. Qe6+ Kd8 32. Qxe8+ Kxe8 33. f6 Kd7 34. h6 c6 35. h7 cxd5 36. Rg8 Ke6 37. h8=Q 1-0

[Event "December 5 Early 2023"]
[Site "https://www.chess.com"]
[Date "2023.12.05"]
[Round "2"]
[White "Donchenko, Alexander"]
[Black "Marchesich, Giovanni"]
[Result "1-0"]
[Board "133"]
[TimeControl "180+1"]
[WhiteFideId "24603295"]
[BlackFideId "2824790"]
[WhiteElo "2908"]
[BlackElo "2410"]
[WhiteTeam "GER"]
[BlackTeam "ITA"]
[WhiteClock "0:02:18"]
[BlackClock "0:01:03"]

1. Nf3 Nf6 2. g3 b5 3. Bg2 Bb7 4. Na3 a6 5. c4 b4 6. Nc2 c5 7. b3 e6 8. Bb2 Be7 9. O-O O-O 10. d4 a5 11. d5 exd5 12. Nh4 Ra7 13. cxd5 d6 14. Nf5 Na6 15. Nce3 Nc7 16. Re1 Re8 17. Nxe7+ Qxe7 18. Nf5 Qd7 19. e4 Qd8 20. Qf3 g6 21. Nh6+ Kg7 22. Ng4 Re5 23. Nxe5 dxe5 24. Bxe5 Ne8 25. Rac1 Qe7 26. Bb2 Kg8 27. Qe3 Nd7 28. e5 1-0